 Dungeon Crawl Stone Soup version 0.20.1-1-g8b1a95d (webtiles) character file.

165358 Inchmeat the Bludgeoner (level 17, -2/94 HPs)
             Began as a Gargoyle Monk on Dec 2, 2017.
             Was the Champion of Makhleb.
             Slain by an ancient zyme (4 damage)
             ... while paralysed by accursed screaming
             ... on level 3 of the Abyss.
             The game lasted 01:22:18 (26378 turns).

Inchmeat the Bludgeoner (Gargoyle Monk)            Turns: 26378, Time: 01:22:20

Health: -2/94      AC: 42    Str: 19    XL:     17   Next: 87%
Magic:  0/18       EV:  2    Int: 10    God:    Makhleb [******]
Gold:   2621       SH:  0    Dex: 10    Spells: 10/16 levels left

rFire    + + .     SeeInvis .   X - +7 great mace (protect)
rCold    + . .     Gourm    .   (shield currently unavailable)
rNeg     + . .     Faith    .   w - +0 fire dragon scales
rPois    ∞         Spirit   +   e - +2 helmet
rElec    +         Reflect  .   i - scarf {repulsion}
rCorr    +         Harm     .   j - +2 pair of gloves
MR       +....                  f - +2 pair of boots
Stlth    ..........             x - amulet of guardian spirit
Regen    0.3/turn               Y - ring of ice
MPRegen  0.2/turn               u - ring of resist corrosion

@: paralysed, about to teleport, resistant, protection aura, flying, repel
missiles
A: big wings, hooves 1, repulsion field 1, [blurry vision 2], [clumsy 2], [dopey
2], [frail 2], [low mp 2], negative energy resistance 1, shaggy fur 1,
electricity resistance, strong 1, unbreathing, petrification resistance, rot
immunity, AC +12
a: Stop Flying, Minor Destruction, Lesser Servant of Makhleb, Major Destruction,
Greater Servant of Makhleb, Renounce Religion


You were on level 3 of the Abyss.
You worshipped Makhleb.
Makhleb was exalted by your worship.
You were hungry.

You visited 4 branches of the dungeon, and saw 22 of its levels.
You visited the Abyss 1 time.
You also visited: Ice Cave and Volcano.

You collected 2800 gold pieces.
You spent 179 gold pieces at shops.

Inventory:

Hand Weapons
 y - a +0 arbalest of flaming
 M - a +1 morningstar
 N - a +2 great mace of flaming
 X - a +7 great mace of protection (weapon)
Missiles
 d - 61 bolts
 L - 2 poisoned tomahawks (quivered)
Armour
 e - a +2 helmet (worn)
 f - a +2 pair of boots (worn)
 i - a scarf of repulsion (worn)
 j - a +2 pair of gloves (worn)
 w - +0 fire dragon scales (worn)
 D - +0 ice dragon scales
 U - a +4 ring mail
Jewellery
 h - an uncursed ring of protection from fire
 u - a ring of resist corrosion (right hand)
 x - an amulet of guardian spirit (around neck)
 Q - an uncursed ring of protection from fire
 Y - a ring of ice (left hand)
Wands
 t - a wand of acid (8/15)
 C - a wand of scattershot (0/9)
 F - a wand of digging (3/24)
 G - a wand of clouds (3/9)
Scrolls
 a - 4 scrolls of immolation
 g - 10 scrolls of remove curse {@r2}
 k - 9 scrolls of teleportation
 l - 5 scrolls of recharging
 o - 4 scrolls of fog
 p - a scroll of silence
 q - a scroll of identify {@r1}
 A - a scroll of amnesia
 W - 2 scrolls of enchant armour
Potions
 b - 5 potions of lignification
 n - a potion of ambrosia
 r - a potion of magic
 s - 7 potions of mutation {!q}
 z - a potion of haste
 B - 5 potions of curing {@q1}
 E - a potion of invisibility
 H - 5 potions of brilliance
 K - 2 potions of might
 P - 2 potions of berserk rage
 R - 4 potions of agility
 S - 3 potions of resistance
 T - 2 potions of flight
 V - 2 potions of cancellation
Books
 m - a book of the Earth

   Spells                             Type                      Level
   a - Leda's Liquefaction            Hexes/Earth                  4
   b - Bolt of Magma                  Conjuration/Fire/Earth       5
   c - Statue Form                    Transmutation/Earth          6
   d - Iron Shot                      Conjuration/Earth            6
   e - Shatter                        Earth                        9
 Z - a book of Death

   Spells                             Type                      Level
   a - Corpse Rot                     Necromancy                   2
   b - Sublimation of Blood           Necromancy                   2
   c - Agony                          Necromancy                   5
   d - Dispel Undead                  Necromancy                   5
   e - Excruciating Wounds            Charms/Necromancy            5
   f - Bolt of Draining               Conjuration/Necromancy       5
Miscellaneous
 O - a fan of gales
Comestibles
 c - 7 bread rations
 v - 52 fruits
 I - 11 royal jellies
 J - 10 meat rations


   Skills:
 - Level 17.6 Fighting
 * Level 18.4 Maces & Flails
 - Level 8.6 Armour
 - Level 5.3 Dodging
 - Level 2.1 Stealth
 - Level 10.2 Conjurations
 - Level 10.3 Earth Magic
 - Level 8.0 Invocations


You had 10 spell levels left.
You knew the following spells:

 Your Spells              Type           Power        Failure   Level  Hunger
a - Iron Shot             Conj/Erth      ###.......   95%         6    #######


Dungeon Overview and Level Annotations

Branches:
Dungeon (13/15)            Temple (0/1) D:5            Lair (6/6) D:11
 Shoals (0/4) Lair:2       Spider (0/4) Lair:4        Slime (0/5) Lair:6
    Orc (2/2) D:12            Elf (1/3) Orc:2
 Vaults: D:13-14

Altars:
Ashenzari
Cheibriados
Dithmenos
Fedhas
Gozag
Makhleb
Nemelex Xobeh
Qazlal
Sif Muna
Uskayaw
Vehumet
Xom

Shops:
D:9 %   Orc:2 *!%(%


Innate Abilities, Weirdness & Mutations

You are resistant to torment.
Your stone body is resilient. (AC +12)
You are immune to poison.
Your large and strong wings let you fly indefinitely.
You resist negative energy. (rN+)
You are resistant to electric shocks. (rElec)
You can survive without breathing.
You are immune to petrification.
You are immune to rotting.
You have large cloven feet.
You are surrounded by a mild repulsion field. (EV +2)
You are covered in fur. (AC +1)
Your muscles are strong. (Str +2)
[Scrolls take you longer to read.]
[You are very clumsy. (Dex -4)]
[You are very dopey. (Int -4)]
[You are very frail. (-20% HP)]
[Your magical capacity is very low. (-20% MP)]


Message History

A deafenin' chorus o' shrieks assaults yer mind!
* * * LOW HITPOINT WARNIN'
* * * Ye sock tha ancient zyme!
Yer weapon 'sudes an aura o' protection.
Tha ancient zyme be moderately damaged.
Tha lurkin' horror 'splodes!
Yer body be wracked wit' pain!
* * * LOW HITPOINT WARNIN'
* * * Tha blink frog convulses!
Tha starcursed mass barely misses ye.
Tha ancient zyme hits ye.
* * * LOW HITPOINT WARNIN'
* * * Tha ancient zyme barely misses ye.
Okay, than.
Tha blink frog misses ye.
Tha wretched star pulses wit' an eldritch light!
Yer vision blurs. x2
A deafenin' chorus o' shrieks assaults yer mind!
* * * LOW HITPOINT WARNIN'
* * * Ye sudd'nly lose tha ability ta move!
Tha ancient zyme hits ye.
Ye die...

.. . # # #..
############## #. #..
#............# X#
#...#............## .#
#...#....#.......##...
###...#....#.......# #
#......#...........##X.#
'.....%....X....#..## .#
#......@F..X.......##. #
#......xX.XX*......'. .#
#.#####....#...... ##.##
#......#.....# #
#............# .
########.### L .. #.#
#### #


You could see 5 starcursed masses, a wretched star, an ancient zyme and a blink
frog.

Vanquished Creatures
  Rupert (Lair:5)
  Kirke (Lair:4)
  5 very ugly things
  A deep elf annihilator (Elf:1)
  An ettin (Orc:1)
  A fire dragon (Volcano)
  The ghost of nasaldischarges the Warrior, a journeyman MiBe of Trog (D:11)
  5 ogre magi (Orc:2)
  A great orb of eyes (Abyss:3)
  The ghost of antares the Grappler, a journeyman DrTm of Elyvilon (D:11)
  28 two-headed ogres
  3 hydras
  3 catoblepae (Lair:6)
  3 dancing weapons (Elf:1)
  9 death yaks (Lair:6)
  5 deep elf knights
  A sixfirhy (Abyss:3)
  An unseen horror (D:12)
  2 large abominations (Abyss:3)
  4 deep elf archers
  2 orc knights
  Pikel (D:5)
  11 ugly things
  3 manticores
  24 deep elf magi
  2 oklob plants (Lair:2)
  3 salamanders (Volcano)
  3 orc sorcerers
  A cyclops (D:12)
  14 elephants
  2 rust devils (D:9)
  5 ice statues (IceCv)
  2 gargoyles
  7 black mambas
  3 smoke demons (Abyss:3)
  14 spiny frogs
  4 rime drakes
  6 komodo dragons
  A freezing wraith (D:12)
  A queen bee (Lair:2)
  3 anaconda simulacra (IceCv)
  2 trolls
  An ancient zyme (Abyss:3)
  5 polar bears
  A hornet (D:12)
  13 blink frogs
  3 slime creatures (Lair:5)
  A snapping turtle (Lair:2)
  6 dream sheep
  10 hippogriffs
  2 raiju (Abyss:3)
  A shadow (D:12)
  A spriggan (Lair:3)
  2 air elementals (Elf:1)
  8 wyverns
  2 dire elephant simulacra (IceCv)
  3 basilisks
  A wraith (D:12)
  9 fire bats (Volcano)
  44 yaks
  2 hungry ghosts
  5 steam dragons
  3 hogs (Lair:4)
  Menkaure (D:7)
  An iron troll simulacrum (IceCv)
  A harpy simulacrum (IceCv)
  9 wargs
  A soldier ant (D:12)
  A hydra simulacrum (IceCv)
  4 acid dragons
  10 porcupines
  12 water moccasins
  4 black bears
  2 small abominations (Abyss:3)
  12 orc warriors
  2 sky beasts
  10 ice beasts
  An ettin simulacrum (IceCv)
  48 ogres
  A necrophage (D:12)
  3 phantoms
  31 wolves
  9 centaurs
  18 crocodiles
  2 big kobolds
  10 bullfrogs
  A wyvern zombie (D:8)
  An earth elemental (Elf:1)
  A water moccasin zombie (D:7)
  2 wyvern skeletons
  5 scorpions
  25 killer bees (Lair:2)
  6 wights
  A howler monkey (D:6)
  An electric eel (Lair:2)
  A crimson imp (D:9)
  3 centaur zombies
  A starcursed mass (Abyss:3)
  5 bullfrog zombies
  6 hounds
  21 orc wizards
  20 orc priests
  3 jellies
  6 bullfrog skeletons
  3 centaur skeletons
  4 iguanas
  5 hell rats
  14 worker ants
  A hound zombie (D:5)
  A hound skeleton (D:8)
  A howler monkey zombie (D:7)
  A worker ant zombie (D:6)
  8 gnolls
  13 adders
  5 shadow imps
  An ooze (D:7)
  4 worms
  A dart slug (D:1)
  2 leopard geckos
  61 orcs
  4 giant cockroaches
  7 goblins
  6 hobgoblins
  15 jackals
  16 kobolds
  7 quokkas
  8 bats
  10 frilled lizards
  2 jackal skeletons
  2 quokka skeletons
  2 rats
  A fungus (D:7)
  A plant (Lair:2)
822 creatures vanquished.

Vanquished Creatures (others)
  A deep elf knight (Elf:1)
  A deep elf mage (Elf:1)
  A yak (Lair:2)
  A human (Lair:5)
  A killer bee (Lair:2)
  An orc wizard (Orc:2)
  8 fungi
  2 lurking horrors (Abyss:3)
  18 plants
34 creatures vanquished.

Grand Total: 856 creatures vanquished

Notes
Turn   | Place    | Note
-------+----------+-------------------------------------------
     0 | D:1      | Inchmeat the Gargoyle Monk began the quest for the Orb.
     0 | D:1      | Reached XP level 1. HP: 14/14 MP: 1/1
   265 | D:1      | Reached XP level 2. HP: 16/19 MP: 2/2
   767 | D:2      | Reached skill level 4 in Maces & Flails
   809 | D:2      | Found a radiant altar of Vehumet.
   824 | D:2      | Reached XP level 3. HP: 23/23 MP: 3/3
  1192 | D:2      | Found a burning altar of Makhleb.
  1193 | D:2      | Found a shimmering altar of Xom.
  1292 | D:2      | Became a worshipper of Makhleb the Destroyer
  1292 | D:2      | Reached * piety under Makhleb
  1292 | D:2      | Reached ** piety under Makhleb
  1394 | D:3      | Reached XP level 4. HP: 28/28 MP: 4/4
  1690 | D:3      | Reached skill level 5 in Maces & Flails
  2431 | D:3      | Reached XP level 5. HP: 32/32 MP: 5/5
  2961 | D:4      | Noticed an ogre
  2988 | D:3      | Reached skill level 6 in Maces & Flails
  3380 | D:4      | Killed an ogre
  3380 | D:4      | Reached XP level 6. HP: 37/37 MP: 6/6
  3412 | D:4      | Found a deep blue altar of Sif Muna.
  3517 | D:5      | Entered Level 5 of the Dungeon
  3543 | D:5      | Found a staircase to the Ecumenical Temple.
  3572 | D:5      | Reached skill level 7 in Maces & Flails
  3687 | D:5      | Found a hide-covered altar of Uskayaw.
  3826 | D:5      | Reached XP level 7. HP: 39/41 MP: 7/7
  4260 | D:5      | Reached skill level 8 in Maces & Flails
  4453 | D:5      | Found a snail-covered altar of Cheibriados.
  4455 | D:5      | Found a shattered altar of Ashenzari.
  4457 | D:5      | Found a blossoming altar of Fedhas.
  4457 | D:5      | Found a sparkling altar of Nemelex Xobeh.
  4784 | D:6      | Reached skill level 9 in Maces & Flails
  4811 | D:6      | Reached XP level 8. HP: 28/46 MP: 8/8
  5510 | D:7      | Reached skill level 10 in Maces & Flails
  5878 | D:7      | Noticed Menkaure
  5893 | D:7      | Killed Menkaure
  5960 | D:7      | Reached skill level 11 in Maces & Flails
  6062 | D:7      | Found a shadowy altar of Dithmenos.
  6105 | D:7      | Reached XP level 9. HP: 46/51 MP: 9/9
  6371 | D:6      | Reached *** piety under Makhleb
  6494 | D:6      | Reached skill level 12 in Maces & Flails
  6761 | D:6      | Found an opulent altar of Gozag.
  7748 | D:7      | Reached skill level 13 in Maces & Flails
  8168 | D:7      | Found a stormy altar of Qazlal.
  8283 | D:8      | Noticed a two-headed ogre
  8298 | D:8      | Killed a two-headed ogre
  8298 | D:8      | Reached skill level 14 in Maces & Flails
  8298 | D:8      | Reached XP level 10. HP: 14/56 MP: 10/10
  9326 | D:8      | Noticed a two-headed ogre
  9340 | D:8      | Killed a two-headed ogre
  9343 | D:8      | Reached **** piety under Makhleb
  9668 | D:9      | Paralysed by fainting for 5 turns
  9719 | D:9      | Found Zeten's Food Shoppe.
  9829 | D:10     | Entered Level 10 of the Dungeon
  9878 | D:10     | Reached skill level 15 in Maces & Flails
 10007 | D:10     | Noticed a gargoyle
 10030 | D:10     | Killed a gargoyle
 10095 | D:10     | Noticed a two-headed ogre
 10396 | D:9      | Reached XP level 11. HP: 55/60 MP: 11/11
 10534 | D:9      | Gained mutation: You are covered in fur. (AC +1) [mutagenic meat]
 10535 | D:9      | Gained mutation: You are partially covered in large bone plates. (SH +4) [mutagenic meat]
 10536 | D:9      | Gained mutation: Armour fits poorly on your strangely shaped body. [mutagenic meat]
 10538 | D:9      | Gained mutation: You are agile. (Dex +2) [mutagenic meat]
 10539 | D:9      | Lost mutation: You are agile. (Dex +2) [potion of mutation]
 10539 | D:9      | Lost mutation: Armour fits poorly on your strangely shaped body. [potion of mutation]
 10539 | D:9      | Lost mutation: You are partially covered in large bone plates. (SH +4) [potion of mutation]
 10539 | D:9      | Gained mutation: Your muscles are strong. (Str +2) [potion of mutation]
 10539 | D:9      | Gained mutation: You are surrounded by a mild repulsion field. (EV +2) [potion of mutation]
 10539 | D:9      | Gained mutation: You have large cloven feet. [potion of mutation]
 10669 | D:10     | Killed a two-headed ogre
 10681 | D:10     | Reached ***** piety under Makhleb
 11145 | D:9      | Reached skill level 16 in Maces & Flails
 11237 | D:9      | Reached skill level 5 in Fighting
 11237 | D:9      | Reached skill level 1 in Armour
 11710 | D:4      | Noticed Pikel
 11742 | D:5      | Killed Pikel
 12382 | D:11     | Noticed nasaldischarges's ghost (journeyman MiBe)
 12784 | D:11     | Found a staircase to the Lair.
 13005 | D:11     | Killed nasaldischarges's ghost
 13568 | Lair:1   | Entered Level 1 of the Lair of Beasts
 13829 | Lair:1   | Reached skill level 5 in Armour
 13855 | Lair:1   | Reached XP level 12. HP: 49/72 MP: 15/15
 14253 | Lair:2   | Reached skill level 5 in Invocations
 15489 | Lair:2   | Reached ****** piety under Makhleb
 15717 | Lair:2   | Reached XP level 13. HP: 66/82 MP: 18/18
 15886 | Lair:2   | Reached skill level 10 in Fighting
 15947 | Lair:2   | Found a staircase to the Shoals.
 16768 | D:11     | Noticed antares's ghost (journeyman DrTm)
 16793 | D:11     | Killed antares's ghost
 17118 | Lair:3   | Learned a level 6 spell: Iron Shot
 17322 | Lair:3   | Reached skill level 1 in Earth Magic
 17768 | Lair:4   | Found a shimmering altar of Xom.
 18068 | Lair:4   | Found a hole to the Spider Nest.
 18253 | Lair:4   | Reached skill level 5 in Earth Magic
 18644 | Lair:5   | Noticed Kirke
 18795 | Lair:4   | Killed Kirke
 18912 | Lair:5   | Gained mutation: Your large and strong wings let you fly indefinitely. [Gargoyle growth]
 18912 | Lair:5   | Reached XP level 14. HP: 94/94 MP: 20/20
 19482 | Lair:5   | Noticed Rupert
 19489 | Lair:5   | Paralysed by Rupert for 4 turns
 19500 | Lair:5   | Paralysed by Rupert for 6 turns
 19507 | Lair:5   | Killed Rupert
 19798 | Lair:6   | Entered Level 6 of the Lair of Beasts
 19818 | Lair:6   | Reached skill level 10 in Earth Magic
 19906 | Lair:5   | Reached skill level 1 in Conjurations
 20191 | Lair:5   | Reached skill level 5 in Conjurations
 20607 | Lair:6   | Found a staircase to the Slime Pits.
 20913 | Lair:6   | Reached XP level 15. HP: 89/99 MP: 21/21
 20955 | Lair:6   | Reached skill level 10 in Conjurations
 21472 | D:12     | Found a staircase to the Orcish Mines.
 21707 | D:12     | Found a radiant altar of Vehumet.
 22212 | Orc:1    | Entered Level 1 of the Orcish Mines
 22478 | Orc:2    | Entered Level 2 of the Orcish Mines
 22541 | Orc:2    | Found Tuciolak's Assorted Antiques.
 22549 | Orc:2    | Found a dark tunnel.
 22563 | Volcano  | Entered a volcano
 22777 | Volcano  | Reached skill level 15 in Fighting
 22921 | Volcano  | Reached skill level 5 in Dodging
 22921 | Volcano  | Reached XP level 16. HP: 108/108 MP: 22/22
 23256 | Orc:2    | Found a staircase to the Elven Halls.
 23257 | Orc:2    | Bought an orange potion for 29 gold pieces
 23575 | Orc:2    | Paralysed by an ogre mage for 7 turns
 23597 | Orc:2    | Paralysed by an ogre mage for 6 turns
 23600 | Orc:2    | HP: 3/111 [ogre mage/bolt of cold (7)]
 23600 | Orc:2    | HP: 1/111 [ogre/giant spiked club (2)]
 24014 | Orc:2    | Found Daserr's Distillery.
 24014 | Orc:2    | Found Ostibb's Weapon Emporium.
 24014 | Orc:2    | Found Jexzoegg's Food Emporium.
 24014 | Orc:2    | Found Kaxameof's Food Shop.
 24049 | Orc:2    | Reached XP level 17. HP: 112/117 MP: 23/23
 24078 | Orc:2    | Bought a potion of curing for 45 gold pieces
 24078 | Orc:2    | Bought a potion of curing for 45 gold pieces
 24078 | Orc:2    | Bought a potion of agility for 60 gold pieces
 24727 | Elf:1    | Entered Level 1 of the Elven Halls
 25126 | Elf:1    | Reached skill level 17 in Maces & Flails
 25255 | Elf:1    | Found a frozen archway.
 25275 | IceCv    | Entered an ice cave
 25979 | Elf:1    | Reached skill level 18 in Maces & Flails
 26004 | Elf:1    | Cast into level 3 of the Abyss (a deep elf demonologist)
 26004 | Abyss:3  | Found a corrupted altar of Lugonu.
 26372 | Abyss:3  | Noticed an ancient lich
 26372 | Abyss:3  | Paralysed by accursed screaming for 1 turns
 26378 | Abyss:3  | HP: 2/94 [starcursed mass/accursed screaming (11)]
 26378 | Abyss:3  | Paralysed by accursed screaming for 1 turns
 26378 | Abyss:3  | Slain by an ancient zyme

Skill      XL: |  1  2  3  4  5  6  7  8  9 10 11 12 13 14 15 16 17 |
---------------+----------------------------------------------------+-----
Maces & Flails | 4 5 6 7 9 11 14 15 16 18 | 18.4
Fighting       | 7 9 13 15 17 | 17.6
Armour         | 5 8 |  8.6
Invocations    | 4 7 8 |  8.0
Earth Magic    | 6 10 | 10.3
Conjurations   | 9 10 | 10.2
Dodging        | 5 |  5.3
Stealth        | |  2.1

Action                   |  1- 3 |  4- 6 |  7- 9 | 10-12 | 13-15 | 16-18 || total
-------------------------+-------+-------+-------+-------+-------+-------++-------
Melee: Mace              |    51 |       |       |       |       |       ||    51
       Whip              |   131 |    99 |       |       |       |       ||   230
       Flail             |       |    44 |    92 |       |       |       ||   136
       Morningstar       |       |       |   359 |  1147 |   620 |       ||  2126
       Great mace        |       |       |       |       |   648 |   788 ||  1436
 Fire: Hand crossbow     |       |       |       |       |     4 |       ||     4
       Arbalest          |       |       |       |       |       |     2 ||     2
Throw: Throwing net      |       |     1 |       |       |       |       ||     1
Invok: Lesser Servant of |       |       |       |       |       |     2 ||     2
 Abil: Fly               |       |       |       |       |     1 |       ||     1
Evoke: Wand              |       |       |       |     9 |     2 |     4 ||    15
       Fan of gales      |       |       |       |       |     1 |       ||     1
  Use: Potion            |       |     1 |     7 |    11 |     3 |     4 ||    26
       Scroll            |       |       |    18 |    23 |    13 |     4 ||    58
 Stab: Sleeping          |       |       |       |     9 |     1 |       ||    10
       Distracted        |       |       |       |     1 |     1 |     1 ||     3
  Eat: Bread ration      |     1 |     1 |       |     1 |     1 |     1 ||     5
       Chunk             |     1 |     3 |    16 |    24 |    21 |     7 ||    72
       Fruit             |       |     1 |     2 |     4 |       |       ||     7
Armor: Ring mail         |    92 |    70 |   196 |   379 |       |   216 ||   953
       Robe              |     5 |       |       |       |       |       ||     5
       Acid dragon scale |       |       |       |   206 |   490 |       ||   696
       Steam dragon scal |       |       |       |       |   453 |       ||   453
       Fire dragon scale |       |       |       |       |       |   402 ||   402
Dodge: Dodged            |   129 |    69 |   241 |   785 |  1043 |   723 ||  2990
       Deflected         |       |       |       |     9 |    27 |    24 ||    60
